 Dungeon Crawl Stone Soup version 0.25.1-8-g42b30a86e7 (webtiles) character file.

Game seed: 5946718252377004925

15712 Clowwww the Cleaver (level 12, 0/104 HPs)
             Began as a Minotaur Fighter on Dec 13, 2020.
             Was a Priest of Makhleb.
             Slain by Jorgrun
             ... wielding a +0 vorpal quarterstaff
              (1 damage)
             ... while petrified by Jorgrun
             ... on level 12 of the Dungeon.
             The game lasted 00:33:09 (11802 turns).

Clowwww the Cleaver (Minotaur Fighter)             Turns: 11802, Time: 00:33:10

Health: 0/104      AC: 15    Str: 26    XL:     12   Next: 3%
Magic:  13/13      EV:  2    Int:  5    God:    Makhleb [***...]
Gold:   605        SH:  0    Dex: 10    Spells: 11/11 levels left

rFire    . . .     SeeInvis .   a - +1 war axe
rCold    . . .     Gourm    .   c - +0 kite shield
rNeg     + + +     Faith    .   b - +1 scale mail
rPois    ∞         Spirit   .   (helmet restricted)
rElec    .         Reflect  +   k - +0 cloak
rCorr    .         Harm     .   g - +2 pair of gloves
MR       .....                  i - +0 pair of boots
Stlth    ..........             h - amulet of reflection
HPRegen  0.27/turn              j - ring of positive energy
MPRegen  0.13/turn              n - ring of poison resistance

@: mighty, lethally poisoned (0 -> 0), petrified
A: retaliatory headbutt, horns 2
a: Minor Destruction, Lesser Servant of Makhleb, Renounce Religion


You were on level 12 of the Dungeon.
You worshipped Makhleb.
Makhleb was most pleased with you.
You were hungry.

You visited 2 branches of the dungeon, and saw 13 of its levels.

You collected 605 gold pieces.

Inventory:

Hand Weapons
 a - a +1 war axe (weapon)
Missiles
 w - 10 boomerangs (quivered)
 F - 5 javelins
 G - 2 silver javelins
Armour
 b - a +1 scale mail (worn)
 c - a +0 kite shield (worn)
 g - a +2 pair of gloves (worn)
 i - a +0 pair of boots (worn)
 k - a +0 cloak (worn)
 H - a +1 scale mail of fire resistance
Jewellery
 h - an amulet of reflection (around neck)
 j - a ring of positive energy (left hand)
 n - a ring of poison resistance (right hand)
Wands
 s - a wand of random effects (11)
 z - a wand of digging (4)
Scrolls
 m - a scroll of magic mapping
 o - 3 scrolls of blinking
 p - 4 scrolls of teleportation
 t - a scroll of fog
 v - 2 scrolls of amnesia
 y - 2 scrolls of remove curse
 D - 2 scrolls of identify
Potions
 e - 4 potions of curing
 l - a potion of lignification {unknown}
 q - 5 potions of heal wounds
 r - 2 potions of might
 u - 2 potions of degeneration
 x - a potion of stabbing
 A - a potion of invisibility
 B - 3 potions of haste
 C - 3 potions of ambrosia
Comestibles
 f - 27 rations
 E - 5 chunks of flesh


   Skills:
 + Level 9.3 Fighting
 + Level 14.2 Axes
 + Level 2.2 Throwing
 + Level 9.7 Armour
 + Level 5.5 Dodging
 + Level 2.0 Stealth
 + Level 10.6 Shields
 + Level 3.8 Invocations
 + Level 1.7 Evocations


You had 11 spell levels left.
You didn't know any spells.
Your spell library contained the following spells:

 Spells                   Type           Power        Failure   Level  Hunger
 Foxfire                  Conj/Fire      #...         88%         1    ##.....
 Conjure Flame            Conj/Fire      #.......     99%         3    ####...
 Inner Flame              Hex/Fire       #.......     99%         3    ####...
 Sticky Flame             Conj/Fire      #.......     100%        4    #####..
 Fireball                 Conj/Fire      #.........   100%        5    ######.


Dungeon Overview and Level Annotations

Branches:
Dungeon (12/15)            Temple (1/1) D:7            Lair (0/6) D:9
    Orc (0/2) D:12

Altars:
Ashenzari
Cheibriados
Dithmenos
Elyvilon
Fedhas
Gozag
Hepliaklqana
Kikubaaqudgha
Makhleb
Nemelex Xobeh
Okawaru
Qazlal
Ru
Sif Muna
Trog
Uskayaw
Vehumet
Wu Jian
Xom
Yredelemnul
Zin
The Shining One

Shops:
D:4 [

Portals:
Ice
Cave: D:12

Annotations:
D:12 Jorgrun


Innate Abilities, Weirdness & Mutations

You reflexively headbutt those who attack you in melee.
You have a pair of horns on your head.


Message History

The ice beast hits you.
* * * LOW HITPOINT WARNING * * *
The ice beast freezes you!
* * * LOW HITPOINT WARNING * * *
The redback bites you.
* * * LOW HITPOINT WARNING * * *
Jorgrun hits you with a +0 vorpal quarterstaff!
* * * LOW HITPOINT WARNING * * *
x2 The deep elf mage hits you but does no damage.
The two-headed ogre hits you with a +0 giant spiked club.
* * * LOW HITPOINT WARNING * * *
The two-headed ogre hits you with a +0 giant spiked club!
* * * LOW HITPOINT WARNING * * *
The ice beast hits you. The ice beast freezes you!
* * * LOW HITPOINT WARNING * * *
The ice beast is no longer covered in acid.
The redback bites you.
The ice beast hits you but does no damage.
Jorgrun hits you with a +0 vorpal quarterstaff.
You die...

#.#..............,,****,***,,,**
.................,,* *,* ***,,**
............o....,,* *.# **,,,
.................,**###.# **,,*
#.#.#......#.....**.....#****,,**
#/#.#......####.##*.....#*,,,,***
#,#...#....#####.##..∩..#,,*****,
*,##.##.#..>...r.Y......#,** *,,
*,*#.*#.#...)..Y@Os......,* ***,*
*>*#,,..#......segY†.....,***,,,*
,,,,,.###.......Y.#.....#,,,,,,,,
,,,,..* #.....(..##,..#..,,,,,,,,
,,,.J** #........#*,,.#**,,,,,,,,
,,,,,* #........#*,,,# *,,,,,,,,
,,,,,* #........#*,,,* *********
,,,,,* #........#*,,,* ******
##########*,,,*


You could see Jorgrun, a two-headed ogre, a deep elf mage, 2 redbacks, 4 ice
beasts and a hell rat (summoned).

Vanquished Creatures
  A hydra (D:9)
  A centaur warrior (D:9)
  A two-headed ogre (D:12)
  Urug (D:12)
  Sonja (D:11)
  An unseen horror (D:11)
  An orc knight (D:12)
  A deep elf mage (D:9)
  A manticore (D:11)
  A gargoyle (D:10)
  Psyche (D:10)
  3 trolls
  A hornet (D:11)
  A vampire (D:9)
  A shadow (D:9)
  14 yaks
  Eustachio (D:6)
  A human (D:8)
  A hungry ghost (D:12)
  A water moccasin (D:12)
  Duvessa (D:4)
  7 orc warriors
  A black bear (D:8)
  A sky beast (D:10)
  3 eyes of draining (D:3)
  A phantom (D:8)
  8 ice beasts
  2 necrophages (D:10)
  2 centaurs
  4 ogres
  A crocodile (D:11)
  A big kobold (D:8)
  6 bullfrogs
  Dowan (D:4)
  A wyvern zombie (D:9)
  3 scorpions
  A water moccasin skeleton (D:10)
  5 howler monkeys
  6 electric eels (D:8)
  3 crimson imps
  6 jellies
  A quasit (D:9)
  11 hounds
  8 orc priests
  5 centaur skeletons
  12 orc wizards
  A bullfrog skeleton (D:7)
  3 iguanas
  11 worker ants
  Ijyb (D:4)
  2 killer bee zombies
  2 hound skeletons
  2 worker ant zombies
  A howler monkey skeleton (D:8)
  3 gnolls (D:5)
  17 adders
  2 shadow imps
  2 adder skeletons
  A worm (D:4)
  4 dart slugs
  5 leopard geckos
  49 orcs
  12 giant cockroaches
  6 goblins
  8 hobgoblins
  8 jackals
  3 quokkas
  A ball python (D:3)
  6 bats
  3 frilled lizards
  18 kobolds
  A leopard gecko skeleton (D:4)
  2 quokka skeletons
  A rat (D:1)
  A spectral orc (D:9)
  A plant (D:8)
313 creatures vanquished.

Vanquished Creatures (collateral kills)
  An orc wizard (D:12)
1 creature vanquished.

Vanquished Creatures (others)
  3 plants (D:8)
3 creatures vanquished.

Grand Total: 317 creatures vanquished

Notes
Turn   | Place    | Note
-------+----------+-------------------------------------------
     0 | D:1      | Clowwww the Minotaur Fighter began the quest for the Orb.
     0 | D:1      | Reached XP level 1. HP: 19/19 MP: 0/0
   152 | D:1      | Reached XP level 2. HP: 27/27 MP: 1/1
   788 | D:2      | Reached XP level 3. HP: 33/33 MP: 2/2
   792 | D:2      | Reached skill level 3 in Axes
  1163 | D:2      | Reached XP level 4. HP: 37/40 MP: 3/3
  1595 | D:3      | Found a hazy altar of Hepliaklqana.
  1616 | D:3      | Reached skill level 4 in Axes
  1729 | D:3      | Noticed an eye of draining
  1731 | D:3      | Noticed an eye of draining
  1741 | D:3      | Killed an eye of draining
  1741 | D:3      | Reached XP level 5. HP: 47/47 MP: 1/4
  1742 | D:3      | Killed an eye of draining
  1742 | D:3      | Reached skill level 5 in Axes
  1742 | D:3      | Reached skill level 1 in Dodging
  1742 | D:3      | Reached XP level 6. HP: 53/53 MP: 1/5
  1744 | D:3      | Found a bloodstained altar of Trog.
  1755 | D:3      | Reached skill level 5 in Armour
  1815 | D:3      | Reached skill level 6 in Axes
  2099 | D:3      | Found a hide-covered altar of Uskayaw.
  2400 | D:4      | Reached skill level 5 in Shields
  2403 | D:4      | Reached XP level 7. HP: 46/60 MP: 6/6
  2554 | D:4      | Reached skill level 7 in Axes
  2892 | D:4      | Noticed Duvessa
  2892 | D:4      | Noticed Dowan
  2904 | D:4      | Killed Duvessa
  2904 | D:4      | Reached skill level 5 in Fighting
  2909 | D:4      | Killed Dowan
  3038 | D:4      | Noticed Ijyb
  3057 | D:4      | Killed Ijyb
  3287 | D:4      | Reached skill level 8 in Axes
  3448 | D:4      | Reached XP level 8. HP: 70/70 MP: 7/7
  3451 | D:4      | Found Iceotu's Antique Armour Shop.
  3570 | D:4      | Found a snail-covered altar of Cheibriados.
  3667 | D:4      | Found a radiant altar of Vehumet.
  3681 | D:4      | Found a shimmering altar of Xom.
  3886 | D:5      | Entered Level 5 of the Dungeon
  3934 | D:5      | Found a sacrificial altar of Ru.
  3966 | D:5      | Found an ancient bone altar of Kikubaaqudgha.
  4349 | D:5      | Found Guisch's Book Boutique.
  4863 | D:6      | Reached skill level 9 in Axes
  5526 | D:6      | Found a stormy altar of Qazlal.
  5739 | D:6      | Noticed Eustachio
  5753 | D:6      | Killed Eustachio
  5753 | D:6      | Reached skill level 1 in Stealth
  5753 | D:6      | Reached XP level 9. HP: 72/78 MP: 8/8
  6392 | D:7      | Found a staircase to the Ecumenical Temple.
  6413 | Temple   | Entered the Ecumenical Temple
  6563 | Temple   | Became a worshipper of Makhleb the Destroyer
  6726 | D:7      | Reached skill level 10 in Axes
  6803 | D:7      | Got a faintly humming robe
  7015 | D:8      | Noticed a troll
  7030 | D:8      | Killed a troll
  7237 | D:8      | Reached skill level 11 in Axes
  7250 | D:8      | Reached * piety under Makhleb
  7810 | D:8      | Reached XP level 10. HP: 31/86 MP: 9/9
  8060 | D:8      | HP: 4/86 [electric eel/bolt of electricity (13)]
  8390 | D:9      | Identified the +5 robe "Byicexzufuq" {Int+2} (You found it
                  | on level 7 of the Dungeon)
  8444 | D:9      | Noticed a six-headed hydra
  8453 | D:9      | Killed a six-headed hydra
  8507 | D:9      | Noticed a deep elf mage
  8507 | D:9      | Noticed a centaur warrior
  8518 | D:9      | Killed a deep elf mage
  8526 | D:9      | Killed a centaur warrior
  8526 | D:9      | Reached skill level 12 in Axes
  8534 | D:9      | Reached skill level 1 in Evocations
  8880 | D:9      | Found a staircase to the Lair.
  9242 | D:9      | Found a basalt altar of Yredelemnul.
  9455 | D:9      | Found an ornate altar of the Wu Jian Council.
  9637 | D:10     | Entered Level 10 of the Dungeon
  9726 | D:10     | Reached ** piety under Makhleb
  9776 | D:10     | Reached skill level 1 in Throwing
  9785 | D:10     | Reached skill level 1 in Invocations
  9915 | D:10     | Noticed Psyche
  9925 | D:10     | Killed Psyche
  9953 | D:10     | Reached XP level 11. HP: 94/94 MP: 10/10
 10507 | D:11     | Noticed Sonja
 10517 | D:11     | Reached skill level 13 in Axes
 10531 | D:11     | Killed Sonja
 10662 | D:11     | Killed an unseen horror
 10662 | D:11     | Reached skill level 5 in Dodging
 10912 | D:11     | Reached skill level 10 in Shields
 11308 | D:11     | Reached *** piety under Makhleb
 11654 | D:12     | Noticed a two-headed ogre
 11709 | D:12     | Noticed Urug
 11716 | D:12     | Killed Urug
 11720 | D:12     | Noticed a two-headed ogre
 11729 | D:12     | Killed a two-headed ogre
 11729 | D:12     | Reached skill level 14 in Axes
 11734 | D:12     | Noticed an orc knight
 11747 | D:12     | Killed an orc knight
 11780 | D:12     | Reached XP level 12. HP: 98/104 MP: 13/13
 11783 | D:12     | Found a frozen archway.
 11784 | D:12     | Noticed Jorgrun
 11787 | D:12     | Noticed a two-headed ogre
 11801 | D:12     | HP: 1/104 [ice beast (5)]
 11802 | D:12     | Slain by Jorgrun

Illustrated notes

Levels and vault maps discovered:
D:1:      eino_arrival_druids_welcome, layout_basic
D:2:      layout_loops_ring, hangedman_decor_peaks_small,
          hangedman_decor_clover_reticule, minmay_pentomino_w2
D:3:      layout_rooms, trog_eyes_of_draining, old_standard_altar,
          marbit_many_paths, first_ration, grunt_ministairs_4
D:4:      layout_loops_cross, grunt_temple_overflow_open, serial_shops,
          kennysheep_mini_moat, kennysheep_slug_shrine, uniq_ijyb, uniq_duvessa
D:5:      layout_loops_ring, old_standard_altar,
          nicolae_ru_the_path_less_chosen, serial_shops, shop_fountains,
          minmay_fractal_squares_5
D:6:      layout_basic, kennysheep_decorative_pillar,
          nicolae_qazlal_general_emergency, uniq_eustachio
D:7:      layout_basic, temple_green
D:8:      cheibrodos_two_vegetables, layout_rooms, grunt_pizzeria
D:9:      minmay_the_grid_four_pointed_star
          [minmay_the_grid_triangle_9x9_swiss_cheese,
          minmay_the_grid_triangle_9x9_steps,
          minmay_the_grid_triangle_9x9_warning,
          minmay_the_grid_triangle_9x9_minimal,
          minmay_the_grid_prize_inner_circle], layout_long_grid,
          yredelemnul_forgotten_temple_becter, kennysheep_little_box,
          lair_entry_dummy
D:10:     layout_cave_pods, uniq_psyche
D:11:     layout_cross, uniq_sonja
D:12:     layout_rooms, david_orc_5, nicolae_trove_entry_crystal,
          portal_ice_cave_entry_ice_beasts, uniq_jorgrun, uniq_urug
Temple:   dshaligram_water_room_temple

Skill      XL: |  1  2  3  4  5  6  7  8  9 10 11 |
---------------+----------------------------------+-----
Fighting       | 4 5 6 7 8 9 |  9.3
Armour         | 4 5 6 8 9 |  9.7
Axes           | 3 4 5 6 8 9 11 12 14 | 14.2
Shields        | 4 5 6 8 9 10 | 10.6
Dodging        | 1 2 3 4 5 |  5.5
Stealth        | 1 2 |  2.0
Evocations     | 1 |  1.7
Throwing       | 1 2 |  2.2
Invocations    | 1 3 |  3.8

Action                   |  1- 3 |  4- 6 |  7- 9 | 10-12 || total
-------------------------+-------+-------+-------+-------++-------
Melee: War axe           |    69 |   115 |   342 |   304 ||   830
       Headbutt          |     8 |    14 |    66 |    59 ||   147
Throw: Boomerang         |       |       |       |    34 ||    34
Invok: Minor Destruction |       |       |       |     4 ||     4
       Lesser Servant of |       |       |       |     1 ||     1
Evoke: Wand              |       |       |     2 |    16 ||    18
  Use: Potion            |       |       |     4 |     2 ||     6
       Scroll            |       |       |    12 |     9 ||    21
  Eat: Chunk             |       |     5 |    16 |    10 ||    31
       Ration            |       |       |       |     1 ||     1
Armor: Scale mail        |    31 |    32 |   135 |   121 ||   319
Dodge: Dodged            |    31 |    33 |    87 |    88 ||   239
Block: Kite shield       |    44 |    53 |   242 |   249 ||   588
       Reflection        |       |       |     2 |    11 ||    13
